 Dungeon Crawl Stone Soup version 0.31-a0-931-g7b59d4eb97 (webtiles) character file.

Game seed: 7738145771923840810

4389 Pixllover the Cleaver (level 10, 0/88 HPs)
             Began as a Hill Orc Monk on Oct 19, 2023.
             Was an Initiate of Yredelemnul.
             Slain by a vampire (4 damage)
             ... on level 9 of the Dungeon.
             The game lasted 00:13:50 (8398 turns).

Pixllover the Cleaver (Hill Orc Monk)               Turns: 8398, Time: 00:13:51

Health: 0/88       AC: 18    Str: 19    XL:     10   Next: 35%
Magic:  10/10      EV:  9    Int: 10    God:    Yredelemnul [......]
Gold:   500        SH:  0    Dex: 13    Spells: 9/9 levels left

rFire   . . .        a - +1 hand axe
rCold   . . .        d - orb {light}
rNeg    . . .        v - +0 chain mail
rPois   +            z - +0 helmet
rElec   .            B - +1 cloak
rCorr   .            t - +1 pair of gloves
SInv    .            G - +0 pair of boots
Will    .....        m - amulet of faith Stlth
                     g - ring of poison resistance
HPRegen 0.34/turn    (no ring)
MPRegen 0.12/turn

%: faith
@: glowing
A: no striking features
a: Renounce Religion, Recall Undead Harvest


You were on level 9 of the Dungeon.
You worshipped Yredelemnul.
Yredelemnul was noncommittal.
You visited 2 branches of the dungeon, and saw 10 of its levels.

You collected 500 gold pieces.

Inventory:

Hand Weapons
 a - a +1 hand axe (weapon)
 w - a +3 great mace
Missiles
 C - 8 poisoned darts (quivered)
Armour
 d - an orb of light (worn)
 t - a +1 pair of gloves (worn)
 u - a +0 kite shield
 v - a +0 chain mail (worn)
 z - a +0 helmet (worn)
 B - a +1 cloak (worn)
 G - a +0 pair of boots (worn)
Jewellery
 g - a ring of poison resistance (left hand)
 m - an amulet of faith (around neck)
Wands
 A - a wand of flame (3)
 D - a wand of mindburst (9)
 F - a wand of digging (5)
Scrolls
 b - 2 scrolls of enchant armour
 f - a scroll of fog
 i - 2 scrolls of enchant weapon
 o - 4 scrolls of noise
 r - a scroll of teleportation
 s - 3 scrolls of identify
 y - 2 scrolls of fear {unknown}
 E - a scroll of immolation {unknown}
Potions
 c - a potion of ambrosia
 e - a potion of invisibility {unknown}
 h - a potion of heal wounds
 j - 4 potions of curing
 k - 4 potions of might
 l - 2 potions of degeneration {unknown}
 n - 2 potions of magic {unknown}
 p - a potion of brilliance
 q - a potion of haste {unknown}
 x - a potion of lignification {unknown}


   Skills:
 + Level 8.0 Fighting
 + Level 12.9 Axes
 + Level 8.4 Armour
 + Level 4.2 Dodging
 + Level 3.0 Stealth
 + Level 1.2 Invocations


You had 9 spell levels left.
You didn't know any spells.
Your spell library contained the following spells:

 Spells                   Type           Power      Damage    Failure   Level
 Apportation              Tloc           0%         N/A       94%         1
 Necrotise                Necr           0%         1d4       94%         1
 Slow                     Hex            0%         N/A       94%         1
 Summon Small Mammal      Summ           0%         N/A       94%         1
 Lesser Beckoning         Tloc           0%         N/A       98%         2
 Poisonous Vapours        Pois/Air       0%         N/A       98%         2
 Confusing Touch          Hex            0%         N/A       100%        3
 Gell's Gravitas          Tloc           0%         N/A       100%        3
 Mephitic Cloud           Conj/Pois/Air  0%         N/A       100%        3
 Sigil of Binding         Hex            0%         N/A       100%        3
 Teleport Other           Tloc           0%         N/A       100%        3
 Vampiric Draining        Necr           0%         2d6       100%        3
 Freezing Cloud           Conj/Ice/Air   0%         6-21      100%        5


Dungeon Overview and Level Annotations

Branches:
Dungeon (9/15)             Temple (1/1) D:4
   Lair: D:8-11         Orc: D:9-12

Altars:
Ashenzari
Cheibriados
Dithmenos
Fedhas
Gozag
Hepliaklqana
Kikubaaqudgha
Makhleb
Nemelex Xobeh
Okawaru
Qazlal
Ru
Sif Muna
Trog
Uskayaw
Vehumet
Wu Jian
Xom
Yredelemnul
Zin
The Shining One


Message History

The vampire draws life force from you!
* * * LOW HITPOINT WARNING * * *
The vampire is healed by the life force!
You slash the vampire!
The vampire is severely damaged.
You hit the vampire but do no damage.
The vampire is severely damaged.
The vampire completely misses you.
The vampire bites you but does no damage.
You hit the vampire.
The vampire is severely damaged.
The vampire draws life force from you!
* * * LOW HITPOINT WARNING * * *
The vampire is healed by the life force!
You hit the vampire but do no damage.
The vampire is heavily damaged.
You hit the vampire.
The vampire is severely damaged.
The vampire hits you.
* * * LOW HITPOINT WARNING * * *
The vampire bites you but does no damage.
You hit the vampire but do no damage.
The vampire is severely damaged.
You hit the vampire.
The vampire is severely damaged.
The vampire hits you but does no damage.
The vampire bites you but does no damage.
You hit the vampire but do no damage.
The vampire is severely damaged.
The vampire hits you but does no damage.
The vampire bites you!
* * * LOW HITPOINT WARNING * * *
The vampire draws strength from your injuries!
You hit the vampire but do no damage.
The vampire is severely damaged.
You hit the vampire but do no damage.
The vampire is severely damaged.
The vampire hits you.
You die...
Your body rises from the dead as a mindless zombie.

##########.##.#####.###
#.##.#.# #.# #.#....#
#.# ####.# #.# #.# #.#
### #.# #.# .... #.#
#.# ..... #Z#
......##@# ........V#
##.......# #.........
#......#### #......#
#......# #......#
#......#


You could see a vampire (invisible, ally target) and a friendly wyvern zombie.

Vanquished Creatures
  Maggie (D:7)
  A hornet (D:8)
  Prince Ribbit (D:7)
  Sigmund (D:6)
  A wraith (D:9)
  2 wyverns
  2 steam dragons
  An orc warrior (D:5)
  A sky beast (D:8)
  2 black bears (D:5)
  2 centaurs
  3 ogres (D:5)
  3 lemures (D:7)
  2 bullfrogs
  3 wights (D:7)
  2 howler monkeys (D:7)
  2 jellies (D:6)
  5 iguanas
  5 orc wizards
  8 adders
  6 ufetubi
  An orc zombie (D:7)
  2 worms
  2 dart slugs (D:1)
  12 orcs
  2 bats (D:1)
  7 endoplasms
  3 giant cockroaches
  8 goblins
  9 hobgoblins
  A jackal (D:3)
  2 quokkas
  10 ball pythons
  2 frilled lizards (D:3)
  6 kobolds
  5 rats
126 creatures vanquished.

Vanquished Creatures (collateral kills)
  Pikel (D:7)
  Jeremiah (D:8)
  The ghost of Heedrag the Digger, a novice GrEE (D:5)
  A steam dragon (D:7)
  Edmund (D:6)
  A scorpion (D:7)
  A white imp (D:6)
  2 orcs
  A goblin (D:4)
  A quokka (D:5)
11 creatures vanquished.

Vanquished Creatures (others)
  2 centaur zombies
  A bullfrog zombie (D:8)
  An iguana zombie (D:6)
  2 jelly zombies (D:6)
  3 orc zombies
  2 quokka zombies (D:5)
  3 spectral ufetubi
14 creatures vanquished.

Grand Total: 151 creatures vanquished

Notes
Turn   | Place    | Note
-------+----------+-------------------------------------------
     0 | D:1      | Pixllover the Hill Orc Monk began the quest for the Orb.
     0 | D:1      | Reached XP level 1. HP: 19/19 MP: 1/1
    83 | D:1      | Reached XP level 2. HP: 16/27 MP: 2/2
   497 | D:1      | Reached XP level 3. HP: 22/33 MP: 3/3
  1047 | D:2      | Reached skill level 5 in Axes
  1539 | D:2      | Reached XP level 4. HP: 35/40 MP: 4/4
  2552 | D:3      | Reached skill level 6 in Axes
  2552 | D:3      | Reached XP level 5. HP: 41/47 MP: 5/5
  3045 | D:4      | Found a staircase to the Ecumenical Temple.
  3123 | Temple   | Entered the Ecumenical Temple
  3245 | Temple   | Became a worshipper of Yredelemnul the Dark
  3245 | Temple   | Reached * piety under Yredelemnul
  3245 | Temple   | Reached ** piety under Yredelemnul
  3574 | D:4      | Reached skill level 7 in Axes
  3574 | D:4      | Reached XP level 6. HP: 53/53 MP: 6/6
  4014 | D:5      | Entered Level 5 of the Dungeon
  4014 | D:5      | Noticed a black bear
  4026 | D:5      | Killed a black bear
  4027 | D:5      | Reached skill level 5 in Fighting
  4027 | D:5      | Reached skill level 1 in Stealth
  4034 | D:5      | Reached skill level 1 in Armour
  4041 | D:5      | Noticed a black bear
  4051 | D:5      | Killed a black bear
  4052 | D:5      | Reached skill level 8 in Axes
  4052 | D:5      | Reached XP level 7. HP: 33/61 MP: 7/7
  4172 | D:5      | Found a transporter.
  4174 | D:5      | Noticed Heedrag's ghost (novice GrEE)
  4197 | D:5      | Found a shimmering blue altar of Sif Muna.
  4804 | D:5      | Found a transporter.
  4838 | D:5      | Killed Heedrag's ghost
  4839 | D:5      | Reached skill level 9 in Axes
  4839 | D:5      | Reached XP level 8. HP: 30/70 MP: 8/8
  5076 | D:6      | Found a stormy altar of Qazlal.
  5153 | D:6      | Reached skill level 5 in Armour
  5183 | D:6      | Identified the +5 shortbow "Geickymn" {heavy, Will- Int+9
                  | Stlth+}
  5226 | D:6      | Noticed Sigmund
  5244 | D:6      | Killed Sigmund
  5489 | D:6      | Noticed Edmund
  5490 | D:6      | Reached skill level 10 in Axes
  5501 | D:6      | Found a glowing silver altar of Zin.
  5501 | D:6      | Found a bloodstained altar of Trog.
  5511 | D:6      | HP: 2/70 [Edmund/+1 heavy dire flail (10)]
  5511 | D:6      | Killed Edmund
  5512 | D:6      | Reached XP level 9. HP: 3/77 MP: 9/9
  5756 | D:6      | Found an opulent altar of Gozag.
  5758 | D:6      | Found a snail-covered altar of Cheibriados.
  5759 | D:6      | Found a radiant altar of Vehumet.
  6085 | D:7      | Noticed Maggie
  6113 | D:7      | Killed Maggie
  6351 | D:7      | Reached skill level 11 in Axes
  6579 | D:7      | Noticed Pikel
  6604 | D:7      | Noticed Prince Ribbit
  6831 | D:7      | Killed Prince Ribbit
  6988 | D:7      | Killed Pikel
  6989 | D:7      | Reached skill level 12 in Axes
  7193 | D:7      | Reached XP level 10. HP: 82/86 MP: 10/10
  7405 | D:8      | Identified the "Ymmeazuy"
  7459 | D:8      | Noticed Jeremiah
  7473 | D:8      | Killed Jeremiah
  7474 | D:8      | Reached skill level 1 in Invocations
  8396 | D:9      | HP: 4/88 [vampire (9)]
  8398 | D:9      | Slain by a vampire

Illustrated notes

Levels and vault maps discovered:
D:1:      dpeg_arrival_morbid_curiosity, layout_basic
D:2:      layout_loops_ring
D:3:      minmay_bubble_buster, layout_basic, serial_curves, eino_curves_01,
          eino_curves_04, minmay_misc_feat_secret_circle, kennysheep_potato
D:4:      layout_loops_corners, minmay_temple_entry_large_hall
D:5:      layout_cave_pools, nicolae_overflow_hidden_temple,
          gammafunk_ghost_smash
D:6:      layout_basic, grunt_temple_overflow_open, overflow_temple_1_default,
          uniq_edmund, uniq_sigmund
D:7:      layout_basic, uniq_prince_ribbit1, uniq_maggie, uniq_pikel
D:8:      layout_rooms, uniq_jeremiah
D:9:      layout_basic, nicolae_elyvilon_temple_path, serial_shops,
          nicolae_book_shop_shelving, nicolae_shop_i_like_small_books_too,
          uniq_gastronok, uniq_harold
Temple:   dpeg_chambers_temple

Skill      XL: |  1  2  3  4  5  6  7  8  9 10 |
---------------+-------------------------------+-----
Fighting       | 4 5 6 7 8 |  8.0
Axes           | 5 6 7 8 9 10 12 | 12.9
Dodging        | 3 4 |  4.2
Stealth        | 1 2 3 |  3.0
Armour         | 1 4 6 7 8 |  8.4
Invocations    | 1 |  1.2

Action                     |  1- 3 |  4- 6 |  7- 9 | 10-12 || total
---------------------------+-------+-------+-------+-------++-------
  Melee: Hand axe          |   115 |   181 |   222 |   110 ||   628
 Invoke: Dark Bargain      |       |       |     2 |     1 ||     3
    Use: Scroll            |       |     6 |     4 |       ||    10
         Potion            |       |       |     2 |       ||     2
   Stab: Distracted        |       |       |     5 |       ||     5
 Armour: Robe              |    51 |    57 |       |       ||   108
         Chain mail        |       |    84 |   230 |   109 ||   423
  Dodge: Dodged            |    83 |   116 |   103 |    45 ||   347

Table legend: (Time is in decaauts)
 A = Elapsed time spent in this place.
 B = Non-inter-level travel time spent in this place.
 C = Inter-level travel time spent in this place.
 D = Time resting spent in this place.
 E = Time spent auto-exploring this place.
 F = Levels seen in this place.
 G = Mean time per level.
                   A        B        C        D        E       F      G
               +--------+--------+--------+--------+--------+-----+--------+
         Total |   8346 |   8164 |    182 |   1252 |   4742 |  10 |  834.6 |
       Dungeon |   8200 |   8018 |    182 |   1252 |   4742 |   9 |  911.1 |
        Temple |    146 |    146 |      0 |      0 |      0 |   1 |  146.0 |
               +--------+--------+--------+--------+--------+-----+--------+

Top non-repeatable levels by time:
     D:7: 1475 daAuts
     D:4: 1138 daAuts
     D:3: 1062 daAuts
     D:5: 1001 daAuts
     D:1: 948 daAuts
     D:6: 868 daAuts
     D:2: 723 daAuts
     D:8: 663 daAuts
     D:9: 318 daAuts
  Temple: 146 daAuts
